 Dungeon Crawl Stone Soup version 0.31.0-9-g3a7656b989 (webtiles) character file.

Game seed: 10308328573473379781

270 Arctor the Trooper (level 6, -2/51 HPs)
             Began as a Barachi Fighter on Jan 24, 2024.
             Slain by Pikel
             ... wielding a +2 whip of freezing
              (6 damage)
             ... on level 3 of the Dungeon.
             The game lasted 00:02:36 (2383 turns).

Arctor the Trooper (Barachi Fighter)                Turns: 2383, Time: 00:02:36

Health: -2/51      AC: 10    Str: 17 (19) XL:     6   Next: 22%
Magic:  0/6        EV:  8    Int:  6 (9)  God:
Gold:   84         SH:  9    Dex:  8 (11) Spells: 5/5 levels left

rFire   . . .        a - +1 war axe
rCold   . . .        l - +1 kite shield
rNeg    . . .        b - +0 scale mail
rPois   .            (no helmet)
rElec   .            (no cloak)
rCorr   .            p - +2 pair of gloves
SInv    .            (no boots)
Will    .....        o - amulet of guardian spirit Stlth
                     (no ring)
HPRegen 0.28/turn    (no ring)
MPRegen 0.10/turn

%: guardian spirit
@: mighty, silenced, slow
A: amphibious, slowness 1, strong legs 1, +LOS
a: Hop


You were on level 3 of the Dungeon.
You visited 1 branch of the dungeon, and saw 4 of its levels.

You collected 84 gold pieces.

Inventory:

Hand Weapons
 a - a +1 war axe (weapon)
Missiles
 t - 6 silver javelins
Armour
 b - a +0 scale mail (worn)
 c - a +0 buckler
 l - a +1 kite shield (worn)
 p - a +2 pair of gloves (worn)
Jewellery
 o - an amulet of guardian spirit (around neck)
Wands
 u - a wand of mindburst (2)
 x - a wand of roots (7)
Scrolls
 e - a scroll of vulnerability
 h - 2 scrolls of fog
 n - a scroll of teleportation
Potions
 d - 2 potions of might
 m - 2 potions of brilliance {unknown}
 q - a potion of ambrosia {unknown}
 v - a potion of cancellation {unknown}


   Skills:
 + Level 5.0 Fighting
 + Level 3.8 Axes
 + Level 0.6 Throwing
 + Level 5.0 Armour
 + Level 4.7 Shields


You had 5 spell levels left.
You didn't know any spells.
Your spell library contained the following spells:

 Spells                   Type           Power      Damage    Failure   Level
 Blink                    Tloc           0%         N/A       99%         2
 Summon Ice Beast         Ice/Summ       0%         N/A       100%        3
 Malign Gateway           Summ/Tloc      0%         N/A       100%        7
 Disjunction              Tloc           0%         N/A       100%        8


Dungeon Overview and Level Annotations

Branches:
Dungeon (4/15)
 Temple: D:4-7

Altars:
Fedhas
Ru
Wu Jian
Zin

Annotations:
D:3 Pikel, Sigmund
D:4 Blork the orc


Innate Abilities, Weirdness & Mutations

You are amphibious.
You cover ground slowly.
You can hop short distances.
You have an extended range of vision and can be seen from far away.


Message History

* * * LOW HITPOINT WARNING * * *
You closely miss Pikel.
Pikel is lightly wounded.
You hit Sigmund. You barely miss the lemure. You hit the lemure. x2
The lemure barely misses you. The lemure hits you.
* * * LOW HITPOINT WARNING * * *
Pikel hits you with a +2 whip of freezing.
* * * LOW HITPOINT WARNING * * *
Pikel freezes you.
* * * LOW HITPOINT WARNING * * *
Sigmund hits you with a +0 scythe.
* * * LOW HITPOINT WARNING * * *
You block the lemure's attack.
It was a potion of curing.
You feel better.
The lemure hits you but does no damage. x2; Pikel zaps a wand.
You resist with some effort. The lemure barely misses you.
You block Sigmund's attack.
Unknown command.
It was a potion of degeneration.
There was something very wrong with that liquid.
You feel weakened.
You feel dopey.
You feel clumsy. The lemure hits you. x2
* * * LOW HITPOINT WARNING * * *
The lemure closely misses you. You block Pikel's attack.
It was a potion of heal wounds.
You feel much better. The lemure hits you. You block the lemure's attack.
Pikel hits you with a +2 whip of freezing.
Pikel freezes you. Sigmund hits you with a +0 scythe.
You block the lemure's attack.
You closely miss Pikel.
Pikel is lightly wounded.
You miss the lemure. x2; You closely miss the lemure.
You slash Sigmund! You block the lemure's attack.
The lemure completely misses you. Pikel closely misses you.
The lemure hits you.
* * * LOW HITPOINT WARNING * * *
Sigmund hits you with a +0 scythe!
* * * LOW HITPOINT WARNING * * *
The lemure hits you but does no damage. x3
Pikel hits you with a +2 whip of freezing.
You die...

#.#
########..#..#.#[.#.......
#.#
########..##.....##..#.#.#
#.#
########......_........#.#
#.#
########..##.....##...##..
#.#
########..#..#.#..#......#
#.#
#########...##.##...##.###
#.#
#########..........###.##
#.#
########@K5##...######..##
#.#
#######.5@..###.#######.##
#.#
######...5...##.#######.##
#.#
######.<................##
#.# #............########
#.# ##.....###.#.########
#.# ##...~P.#.#.########
##.## #.~.~~P.....#######
#...# ##.~~~~.<...........
....#
##..[~~~.##...#####..


You could see Pikel, 3 lemures and Sigmund.

Vanquished Creatures
  A water moccasin zombie (D:3)
  A scorpion zombie (D:3)
  Jessica (D:3)
  A hound zombie (D:3)
  4 gnolls (D:2)
  2 adders
  3 adder skeletons (D:3)
  An adder zombie (D:3)
  4 ribbon worms
  4 orcs (D:3)
  5 ball pythons
  4 bats
  7 endoplasms
  3 giant cockroaches (D:2)
  3 hobgoblins
  4 jackals (D:2)
  2 quokkas
  A ball python skeleton (D:3)
  A ball python zombie (D:3)
  2 frilled lizards (D:2)
  4 goblins
  A kobold (D:1)
  A quokka zombie (D:3)
  6 rats
66 creatures vanquished.

Notes
Turn   | Place    | Note
-------+----------+-------------------------------------------
     0 | D:1      | Arctor the Barachi Fighter began the quest for the Orb.
     0 | D:1      | Reached XP level 1. HP: 18/18 MP: 1/1
   399 | D:1      | Reached XP level 2. HP: 25/25 MP: 2/2
   982 | D:2      | Reached XP level 3. HP: 30/30 MP: 3/3
  1346 | D:2      | Reached XP level 4. HP: 33/38 MP: 2/4
  1380 | D:2      | Found a sacrificial altar of Ru.
  1639 | D:3      | Reached XP level 5. HP: 43/43 MP: 5/5
  1707 | D:3      | Found an ornate altar of the Wu Jian Council.
  1896 | D:3      | Found a glowing silver altar of Zin.
  1987 | D:3      | Got the Handbook of Non-Euclidean Invitation
  2024 | D:3      | Found a blossoming altar of Fedhas.
  2136 | D:3      | Reached skill level 5 in Fighting
  2136 | D:3      | Reached XP level 6. HP: 51/51 MP: 6/6
  2165 | D:3      | Reached skill level 5 in Armour
  2174 | D:3      | Noticed Jessica
  2179 | D:3      | Killed Jessica
  2370 | D:4      | Noticed Sigmund
  2370 | D:4      | Noticed Blork the orc
  2370 | D:4      | Noticed Pikel
  2379 | D:3      | HP: 2/51 [Sigmund/+0 scythe (4)]
  2383 | D:3      | Slain by Pikel

Illustrated notes

Levels and vault maps discovered:
D:1:      lemuel_arrival_room, layout_loops_corners, minmay_strange_pillars,
          chequers_arboretum, grunt_decor_arrowhead
D:2:      layout_loops_cross, basic_altar
D:3:      layout_loops_ring, mainiacjoe_overflow_surrounded_room,
          mainiacjoe_overflow_small_starburst, pdpol_wu_jian_five_deadly_venoms,
          serial_undead, serial_undead_b, serial_undead_b, serial_undead_a,
          serial_undead_a, serial_undead_a, serial_undead_c, serial_undead_f,
          serial_undead_c, serial_undead_e, serial_undead_c, uniq_jessica
D:4:      layout_rooms, dk_vineyard_3, uniq_sigmund, uniq_blork_the_orc,
          uniq_edmund, uniq_pikel

Skill      XL: |  1  2  3  4  5  6 |
---------------+-------------------+-----
Armour         | 4 5 |  5.0
Fighting       | 4 5 |  5.0
Axes           | 3 |  3.8
Shields        | 4 |  4.7
Throwing       | |  0.6

Action                     |  1- 3 |  4- 6 || total
---------------------------+-------+-------++-------
  Melee: War axe           |   103 |   137 ||   240
    Use: Scroll            |     4 |     6 ||    10
         Potion            |       |     4 ||     4
 Armour: Scale mail        |    65 |   125 ||   190
  Dodge: Dodged            |    64 |    71 ||   135
  Block: Buckler           |    22 |     6 ||    28
         Kite shield       |       |    60 ||    60
